 Dungeon Crawl Stone Soup version 0.28.0-62-gf88900778d (webtiles) character file.

Game seed: 18329632416211291603

2552 cbfl8 the Cleaver (level 9, 0/78 HPs)
             Began as a Minotaur Berserker on May 17, 2023.
             Was a Priest of Trog.
             Killed from afar by an electric eel (12 damage)
             ... with a bolt of electricity
             ... in a bailey.
             The game lasted 00:07:41 (7129 turns).

cbfl8 the Cleaver (Minotaur Berserker)              Turns: 7129, Time: 00:07:42

Health: 0/78       AC: 13    Str: 22    XL:     9   Next: 31%
Magic:  8/8        EV: 11    Int:  4    God:    Trog [***...]
Gold:   274        SH:  5    Dex: 14    Spells: 8/8 levels left

rFire   . . .      SeeInvis .   a - +0 hand axe
rCold   . . .      Faith    .   k - +0 buckler
rNeg    . . .      Spirit   .   s - +0 scale mail
rPois   .          Reflect  .   (helmet restricted)
rElec   .          Harm     .   (no cloak)
rCorr   .          Rampage  .   (no gloves)
Will    .....                   n - +0 pair of boots
Stlth   +.........              (no amulet)
HPRegen 0.23/turn               j - +4 ring of protection
MPRegen 0.11/turn               m - ring of flight

@: on berserk cooldown, flying, slowed, very slow
A: horns 2, retaliatory headbutt
a: Renounce Religion, Berserk, Trog's Hand


You were in a bailey.
You worshipped Trog.
Trog was most pleased with you.
You visited 1 branch of the dungeon, and saw 7 of its levels.
You also visited: Bailey.

You collected 339 gold pieces.
You spent 65 gold pieces at shops.

Inventory:

Hand Weapons
 a - a +0 hand axe (weapon)
Armour
 k - a +0 buckler (worn)
 n - a +0 pair of boots (worn)
 s - a +0 scale mail (worn)
Jewellery
 j - a +4 ring of protection (left hand)
 m - a ring of flight (right hand)
Wands
 l - a wand of paralysis (6) (quivered)
 o - a wand of iceblast (4)
 v - a wand of flame (6)
 x - a wand of polymorph (17)
Scrolls
 b - 2 scrolls of fog
 d - 3 scrolls of teleportation
 g - a scroll of blinking
 h - a scroll of enchant weapon
 p - a scroll of silence
 q - a scroll of immolation
 u - 2 scrolls of vulnerability {unknown}
 w - a scroll of noise
Potions
 c - a potion of attraction {unknown}
 e - 2 potions of magic {unknown}
 i - 2 potions of heal wounds
 r - 2 potions of berserk rage {unknown}
 t - a potion of curing {unknown}
 z - a potion of brilliance {unknown}


   Skills:
 + Level 6.4 Fighting
 + Level 9.2 Axes
 + Level 6.5 Armour
 + Level 4.2 Dodging
 + Level 2.8 Stealth
 + Level 3.4 Shields
 * Level 5.0 Evocations


You had 8 spell levels left.
You didn't know any spells.
Your spell library was empty.

Dungeon Overview and Level Annotations

Branches:
Dungeon (7/15)             Temple (0/1) D:5          Bailey (1/1)

Altars:

Shops:
D:7 !


Innate Abilities, Weirdness & Mutations

You have a pair of horns on your head.
You reflexively headbutt those who attack you in melee.


Message History

You hit the soul eater but do no damage.
The soul eater is moderately wounded.
The orc knight roars a battlecry!
The orc warriors go into a battle-frenzy!
Unknown command.
You slash the soul eater!
The soul eater is heavily wounded.
The orc knight roars a battlecry!
The orc knight goes into a battle-frenzy!
The soul eater hits you!
* * * LOW HITPOINT WARNING * * *
Unknown command.
You barely miss the soul eater.
The soul eater is heavily wounded.
The soul eater draws from the surrounding life force!
* * * LOW HITPOINT WARNING * * *
The soul eater is healed.
You feel a strong urge to attack something.
The soul eater disappears in a puff of smoke!
You feel your anger nearly subside.
You are no longer berserk.
You are exhausted.
You feel yourself slow down.
The kobold demonologist looks satisfied for a moment.
The kobold demonologist looks satisfied for a moment.
The orc knight no longer looks unusually strong.
The kobold demonologist casts a spell.
The orc knight jeers noisily.
Aiming: Iceblast
Press: ? - help, Q - select action, (/) - cycle Shift-Dir - straight line, f - red devil
Aim: a red devil, wielding a +0 trident (water, summoned)
Okay, then.
Aiming: Paralyse
Press: ? - help, Q - select action, (/) - cycle Shift-Dir - straight line, f - red devil
Aim: a red devil, wielding a +0 trident (water, summoned, chance to affect: 27%)
The red devil easily resists.
The red devil disappears in a puff of smoke!
An electric eel comes into view.
The electric eel shoots out a bolt of lightning at you!
The bolt of electricity hits you!
You die...

#≈≈≈≈≈≈≈≈≈.#
#≈≈≈≈≈≈≈≈≈.#
#≈≈≈≈≈≈≈≈≈.#
#≈≈≈≈≈≈≈≈≈.#
#≈≈≈≈≈≈≈≈≈.#
#≈≈≈≈≈≈≈≈≈.#
#≈≈≈≈≈≈≈≈#+# ###
#≈≈≈≈≈≈≈≈# ).#
#≈≈@≈≈≈≈≈# .. )).#
#≈≈≈≈≈≈≈≈# .######
#≈≈≈≈≈≈≈≈# o.Ko..
#≈≈≈≈≈≈≈≈######oo≈o≈
#≈≈≈≈≈≈≈≈≈≈≈≈≈≈≈≈≈≈≈
#≈≈≈≈≈≈≈≈≈≈≈≈≈≈≈≈≈≈≈
#≈≈≈≈≈≈≈≈≈S≈≈≈≈≈≈≈≈≈
#≈≈≈≈≈≈≈≈≈≈≈≈≈≈≈≈≈≈≈
#≈≈≈≈≈≈≈≈≈≈≈≈≈≈≈≈≈≈≈


You could see an electric eel.

Vanquished Creatures
  A kobold demonologist (D:7)
  A steam dragon (D:7)
  Duvessa (D:6)
  2 sky beasts
  A black bear (D:5)
  3 necrophages
  A centaur (D:6)
  2 phantoms
  Blork the orc (D:6)
  A scorpion (D:6)
  Dowan (D:6)
  2 howler monkeys
  2 electric eels (Bailey)
  2 centaur zombies (D:5)
  3 hounds
  A bullfrog skeleton (D:7)
  3 jellies
  A gnoll shaman (D:6)
  2 centaur skeletons
  3 iguanas
  3 orc wizards
  4 gnolls
  2 adders
  A shadow imp (D:7)
  An ufetubus (D:7)
  4 worms
  2 dart slugs
  6 orcs
  6 endoplasms
  2 giant cockroaches
  11 goblins
  4 hobgoblins
  3 quokkas
  12 ball pythons
  11 bats
  A frilled lizard (D:3)
  2 kobolds
  A rat (D:3)
110 creatures vanquished.

Vanquished Creatures (others)
  10 plants
  10 withered plants (D:1)
20 creatures vanquished.

Grand Total: 130 creatures vanquished

Notes
Turn   | Place    | Note
-------+----------+-------------------------------------------
     0 | D:1      | cbfl8 the Minotaur Berserker began the quest for the Orb.
     0 | D:1      | Reached XP level 1. HP: 19/19 MP: 0/0
   296 | D:1      | Reached XP level 2. HP: 21/27 MP: 1/1
   297 | D:1      | Reached skill level 4 in Axes
   588 | D:1      | Found a faded altar of an unknown god.
  1540 | D:2      | Reached XP level 3. HP: 28/34 MP: 2/2
  2406 | D:3      | Reached ** piety under Trog
  2882 | D:4      | Noticed a necrophage
  2888 | D:4      | Killed a necrophage
  2889 | D:4      | Reached skill level 5 in Fighting
  2889 | D:4      | Reached skill level 1 in Stealth
  2889 | D:4      | Reached XP level 4. HP: 39/42 MP: 3/3
  2889 | D:4      | Reached XP level 5. HP: 45/48 MP: 4/4
  2923 | D:4      | Noticed a necrophage
  2932 | D:4      | Killed a necrophage
  2933 | D:4      | Reached skill level 5 in Axes
  2933 | D:4      | Reached skill level 1 in Evocations
  3153 | D:4      | Reached XP level 6. HP: 27/56 MP: 5/5
  3834 | D:5      | Entered Level 5 of the Dungeon
  3853 | D:5      | Noticed a sky beast
  3865 | D:5      | Killed a sky beast
  3974 | D:5      | Reached skill level 6 in Axes
  3974 | D:5      | Reached skill level 1 in Shields
  4109 | D:5      | Found a staircase to the Ecumenical Temple.
  4142 | D:5      | Reached XP level 7. HP: 56/61 MP: 6/6
  4463 | D:5      | Reached skill level 7 in Axes
  4513 | D:5      | Reached XP level 8. HP: 44/70 MP: 7/7
  4984 | D:5      | Reached skill level 5 in Armour
  5362 | D:6      | Noticed Blork the orc
  5372 | D:6      | Killed Blork the orc
  5731 | D:6      | Reached *** piety under Trog
  5870 | D:6      | Reached skill level 8 in Axes
  5884 | D:6      | Noticed Dowan
  5885 | D:6      | Noticed Duvessa
  5890 | D:6      | Killed Dowan
  5899 | D:6      | Killed Duvessa
  6465 | D:7      | Noticed a kobold demonologist
  6478 | D:7      | Killed a kobold demonologist
  6479 | D:7      | Reached XP level 9. HP: 43/77 MP: 8/8
  6504 | D:7      | Found Padyjetilu's Distillery.
  6549 | D:7      | Bought a potion of heal wounds for 65 gold pieces
  6580 | D:7      | Reached skill level 9 in Axes
  6665 | D:7      | Found a flagged portal.
  6692 | Bailey   | Entered a bailey
  6730 | Bailey   | Reached skill level 5 in Evocations
  7088 | Bailey   | Noticed a kobold demonologist
  7090 | Bailey   | Noticed a rust devil
  7094 | Bailey   | Noticed a soul eater
  7097 | Bailey   | Noticed a smoke demon
  7099 | Bailey   | Noticed an orc knight
  7100 | Bailey   | Noticed an orc knight
  7119 | Bailey   | Noticed a red devil
  7129 | Bailey   | Killed from afar by an electric eel

Illustrated notes

Levels and vault maps discovered:
D:1:      minmay_arrival_semitransparent, layout_basic,
          shapermc_ecumenical_altar_flowoftime, minmay_box_of_dots
D:2:      layout_basic, serial_bayou_ford_a
D:3:      layout_basic
D:4:      layout_basic
D:5:      layout_basic, minmay_temple_entry_ruins, cheibrodos_sewer_entry_bend,
          chequers_serial_rivers_small_b, minmay_misc_feat_ornament,
          roderic_batcave
D:6:      layout_cave_pools, uniq_blork_the_orc, uniq_duvessa
D:7:      layout_cave_pools, enter_bailey_5, serial_shops, nicolae_square_shop,
          nicolae_diamond_shop, nicolae_zen_rock_garden,
          hangedman_minor_gate_pass
Bailey:   bailey_axe_of_yendor_kennysheep, bailey

Skill      XL: |  1  2  3  4  5  6  7  8  9 |
---------------+----------------------------+-----
Axes           | 4 5 6 7 8 9 |  9.2
Fighting       | 4 5 6 |  6.4
Stealth        | 1 2 |  2.8
Dodging        | 3 4 |  4.2
Evocations     | 1 2 3 4 5 |  5.0
Armour         | 3 4 6 |  6.5
Shields        | 1 2 3 |  3.4

Action                   |  1- 3 |  4- 6 |  7- 9 || total
-------------------------+-------+-------+-------++-------
Melee: Hand axe          |   106 |    68 |   250 ||   424
       Headbutt          |    20 |    12 |    54 ||    86
Invok: Berserk           |       |       |     2 ||     2
       Trog's Hand       |       |       |     2 ||     2
Evoke: Wand              |       |       |    12 ||    12
  Use: Scroll            |       |       |     9 ||     9
 Stab: Paralysed         |       |       |    13 ||    13
Armor: Animal skin       |    21 |       |       ||    21
       Ring mail         |     3 |     8 |       ||    11
       Scale mail        |       |    17 |   102 ||   119
       Skin              |       |       |    16 ||    16
Dodge: Dodged            |    53 |    36 |   119 ||   208
Block: Buckler           |     4 |     8 |    44 ||    56
